AoeStats
← Bamm Bash

Pilgrims

508883775Analyzed
2v2 RM · 7d ago on Sep 24, 2026· 29m 31s· 4 players
Game mode
Random Map
Map size
Medium (4 player)
Population
200
Speed
Normal
Resources
Standard
Victory
Conquest
Starting age
Dark Age
Ending age
Imperial Age
RankedLock teamsTeams togetherTeam positionsShared explorationLock speedFull tech treeHidden civsTurbo modeCheats
Victory
Defeat
🇪🇸 Cumans · Spain
1095
+15
🇪🇸 Japanese · Spain
1088
+15
🇩🇪 Japanese · Germany
1081
-15
🇩🇪 Varangians · Germany
1061
-15
Bamm Bash
10:37 Feudal Age
12:11 Loom
14:51 Castle Age
26:52 Forging
28:37 Scale Barding Armor
32:15 Imperial Age
leonardodavinx
7:34 Loom
11:34 Feudal Age
12:54 Stone Mining
16:42 Castle Age
15:26 Double-Bit Axe
16:06 Gold Mining
20:06 Bow Saw
21:18 Horse Collar
24:12 Scale Mail Armor
24:20 Fletching
25:24 Forging
25:47 Arson
27:20 Heavy Plow
29:29 Wheelbarrow
28:25 Pikeman
Bolea99
8:31 Loom
10:23 Feudal Age
15:10 Wheelbarrow
15:05 Scale Barding Armor
15:13 Forging
17:10 Castle Age
15:09 Double-Bit Axe
17:01 Gold Mining
16:57 Fishing Lines
18:10 Bloodlines
18:40 Iron Casting
19:00 Chain Barding Armor
19:08 Horse Collar
28:38 Ballistics
29:06 Hand Cart
Dobytravieso
10:18 Feudal Age
11:41 Fishing Lines
12:06 Double-Bit Axe
17:31 Wheelbarrow
16:49 Gold Mining
16:50 Stone Mining
16:54 Fletching
20:20 Castle Age
22:04 Bow Saw
22:24 Town Watch
22:43 Bodkin Arrow
23:47 Gold Shaft Mining
23:10 Gillnets
29:16 Imperial Age
27:03 Loom
27:36 Hand Cart
28:31 Ballistics
28:06 Murder Holes
28:11 Elite Skirmisher
28:57 Thumb Ring
28:59 Padded Archer Armor
29:10 Forging
29:36 Treadmill Crane
Connection lost

Rejoining the realm…

Still unreachable

The connection could not be restored.

Session expired

The server has moved on; the page needs a fresh start.